[Event "87th Tata Steel Masters 2025"]
[White "Mendonca,Leon Luke"]
[Black "Giri,Anish"]
[Site "Wijk aan Zee"]
[Round "10.7"]
[Annotator "TA"]
[Result "1/2-1/2"]
[Date "2025.01.29"]
[WhiteElo "2639"]
[BlackElo "2731"]
[PlyCount "60"]
[TimeControl "60"]

1. d4 Nf6 2. Nf3 d5 3. c4 c6 4. e3 Bf5 5. Nc3 e6 6. Nh4 Be4 7. f3 Bg6 {[%emt 0:0:5] D12: Slav Defence: 3 Nf3 Nf6 4 e3 Bf5.} 8. Bd2 Be7 9. Nxg6 hxg6 {[%emt 0:0:4] White has an edge.} 10. Qc2 dxc4 11. Bxc4 Nd5 12. Kf2 $146 (12. O-O-O Nd7 13. Kb1 Rc8 14. Ne2 b5 15. Bd3 c5 16. dxc5 O-O 17. Bxb5 Nxc5 18. e4 {1-0 Nakamura,H (2794)-Firouzja,A (2737) Norway Chess Armageddon 12th rapid 2024 (3)} )a6 13. Rad1 Nd7 14. g3 Rc8 15. Kg2 O-O 16. Be2 c5 17. Nxd5 exd5 18. Qb3 Qb6 19. Qxb6 Nxb6 20. dxc5 Rxc5 {[%emt 0:2:9] The position is equal.} 21. Rc1 {[%emt 0:2:2] Wards off Rc2} Nc4 22. Bxc4 dxc4 23. Bb4 Rc7 24. Bxe7 Rxe7 25. Rxc4 Rxe3 $11 {[%emt 0:0:4] KRR-KRR} 26. Rf1 Rd8 27. Rf2 {[%emt 0:0:5] Prevents Rd2} Red3 28. Re2 f6 29. h4 Kf7 30. Kf2 R3d4 {[%emt 0:0:16] Weighted Error Value: White=0.05 (flawless) /Black=0.05 (flawless)   OK:         	White=9     	Black=8      Best:        	---       	Black=1} 1/2-1/2

[Event "87th Tata Steel Masters 2025"]
[White "Giri,Anish"]
[Black "Warmerdam,Max"]
[Site "Wijk aan Zee"]
[Round "11.1"]
[Annotator "TA"]
[Result "1-0"]
[Date "2025.01.31"]
[WhiteElo "2731"]
[BlackElo "2646"]
[PlyCount "75"]
[TimeControl "60"]

1. e4 e5 2. Nf3 Nc6 3. Bc4 Nf6 4. d3 Bc5 5. Nc3 h6 6. O-O d6 7. Na4 Bb6 8. a3 Bg4 9. c3 {[%emt 0:0:20] Against Nd4} Bh5 {[%emt 0:15:24] The position is equal.} 10. Nxb6 axb6 11. Qe2 Qd7 12. Qe3 O-O 13. h3 d5 14. exd5 Nxd5 15. Nxe5 Qd6 16. Bxd5 Qxd5 17. Nxc6 Qxc6 18. Qe4 Rfe8 19. Qxc6 bxc6 20. Bf4 Re2 21. b4 b5 22. Bxc7 Rc2 23. Be5 Be2 24. Rfe1 Bxd3 25. Re3 Bg6 (25... Bc4 $11 )26. Bd4 $16 Kh7 27. Re7 Ra6 $2 (27... Kg8 $16 {was called for.} )28. g4 $1 $18 {[%emt 0:8:26][%cal Yg2g4,Yg4f5,Yf5f6,Yf6f7][%mdl 32] Hoping for f4.} Kg8 {[%emt 0:0:4] [#]} 29. Re8+ $1 Kh7 30. Rf8 Re2 {[%emt 0:2:34] [#] Against Re1} 31. f4 $1 {[%emt 0:0:6] Strongly threatening f5.} f5 (31... f6 {is a better defense.} 32. f5 Be8 )32. gxf5 Bh5 33. Rc8 ({White should play} 33. f6 $18 gxf6 34. f5 (34. Bxf6 Kg6 $18 )(34. Rxf6 Ra8 $18 ))Bf3 $2 {[%emt 0:0:6][%mdl 8192] This move loses the game for Black.} (33... Bf7 $16 {keeps fighting.} 34. Rd8 h5 )34. Rc7 Rg2+ 35. Kf1 Kg8 $2 (35... Bd5 36. f6 Ra8 )36. Re1 Rxa3 37. f6 {[%emt 0:0:8] Intending f7+ and mate.} Bd5 38. f7+ {[%emt 0:0:31] Weighted Error Value: White=0.07 (flawless) /Black=0.65.  Loses game:     	---       	Black=2      Mistake:       	White=1     	Black=3      Inaccurate:     	---       	Black=3      OK:         	White=13    	Black=10     Best:        	White=2     	---        Strong:       	White=3     	---} 1-0

[Event "87th Tata Steel Masters 2025"]
[White "Fedoseev,Vladimir"]
[Black "Mendonca,Leon Luke"]
[Site "Wijk aan Zee"]
[Round "11.2"]
[Annotator "ChessBase"]
[Result "0-1"]
[Date "2025.01.31"]
[WhiteElo "2717"]
[BlackElo "2639"]
[PlyCount "80"]
[TimeControl "60"]

1. d4 Nf6 2. c4 e6 3. Nf3 d5 4. g3 dxc4 5. Bg2 c6 6. a4 Bb4+ 7. Bd2 a5 8. Bc3 O-O 9. Ne5 c5 10. O-O Nc6 11. Na3 Bxc3 12. bxc3 Nd5 13. Nxc6 bxc6 14. dxc5 Ba6 15. Qd4 Qf6 16. Qxf6 gxf6 17. Rfc1 f5 18. Kf1 Rfd8 19. Ke1 Rab8 20. e3 Rb3 21. Bf1 Nf6 22. Bxc4 Rxa3 23. Bxa6 Rb3 24. Bc4 Rb2 25. Rab1 Rdb8 26. Rxb2 Rxb2 27. Be2 Ne4 28. Bf3 Nxf2 29. Bxc6 Nd3+ 30. Kd1 Nf2+ 31. Ke1 Nd3+ 32. Kd1 Nxc1 33. Kxc1 Re2 34. e4 Kf8 35. exf5 Ke7 36. fxe6 fxe6 37. h4 Re3 38. Kc2 Rxg3 39. Kb3 Rg4 40. h5 h6 0-1

[Event "87th Tata Steel Masters 2025"]
[White "Keymer,Vincent"]
[Black "Abdusattorov,Nodirbek"]
[Site "Wijk aan Zee"]
[Round "11.3"]
[Annotator "TA"]
[Result "1/2-1/2"]
[Date "2025.01.31"]
[WhiteElo "2733"]
[BlackElo "2768"]
[PlyCount "154"]
[TimeControl "60"]

1. e4 c6 2. d4 d5 3. exd5 cxd5 4. Bd3 Nf6 5. h3 Nc6 6. Nf3 {[%emt 0:0:4] B13: Caro-Kann: Exchange Variation and Panov-Botvinnik Attack.} Nb4 7. Ne5 {[%emt 0:0:25] 7.Nc3 is the modern continuation.} Nxd3+ 8. Qxd3 {[%emt 0:0:10] The position is equal.} e6 9. Nc3 $146 (9. Bf4 Be7 10. Nd2 O-O 11. h4 Nd7 12. Ndf3 Nxe5 13. Bxe5 f6 14. Ng5 fxg5 15. hxg5 {1-0 Maerevoet,S (2414)-Csonka,B (2497) Ghent op 44th 2023 (4)} )Bd7 10. O-O Rc8 11. Re1 Be7 12. Bg5 O-O 13. a4 $1 Be8 14. a5 a6 15. Qd2 Qc7 16. Re3 Kh8 17. Nd3 {[%emt 0:10:54] Inhibits Bb4.} Bb5 18. Ne5 Be8 19. Rf3 Ng8 20. Bf4 {[%emt 0:0:5][%cal Ye5f7] Strongly threatening Nxf7+!.} Qd8 21. Nd3 Nf6 {[%emt 0:2:5] [#] Black is weak on the dark squares} 22. Nc5 $1 {[%emt 0:6:13] Repels Ne4} Bc6 23. b4 Ne4 24. N3xe4 dxe4 25. Rg3 Qd5 26. Re1 Qf5 27. c3 f6 28. h4 e5 29. dxe5 (29. Be3 $1 $15 )Rcd8 $1 $19 30. Qe3 {[%emt 0:3:39] [#]} (30. exf6 $2 Rxf6 (30... Qxf6 31. Nxe4 Bxe4 32. Qe2 $19 )31. Rg5 Qxf4 $19 )Bxc5 $1 31. bxc5 {[%emt 0:0:2] [#]} Rd3 (31... fxe5 32. Bg5 Rd3 33. Qe2 $17 )(31... g5 $1 $19 {[%cal Rg5f4] is more deadly.} 32. hxg5 fxg5 (32... Rd3 33. Qc1 $16 )33. Bxg5 Rd3 )32. Qc1 $17 (32. exf6 $2 Rxf6 (32... Rxe3 $2 33. fxg7+ Kg8 34. gxf8=Q+ Kxf8 35. Bxe3 $18 )(32... Qxf6 $2 33. Bh6 $19 )33. Bg5 Rxe3 $19 )fxe5 33. Bxe5 Qxf2+ {[%emt 0:0:11][%csl Ye4] Black has a strong passed pawn} 34. Kh2 Rxg3 (34... Qxc5 $2 35. Bxg7+ Kg8 36. Bxf8+ Kxf8 37. Qf4+ Ke8 38. Rxd3 $18 )35. Bxg3 Qxc5 36. Bc7 Rf7 37. Qd2 h6 (37... Rxc7 38. Qd8+ )38. Bb6 Qe7 (38... Qh5 $19 39. g3 Rd7 )39. Qd8+ Qxd8 40. Bxd8 {[%emt 0:0:2][%mdl 4096] Endgame KRB-KRB. Black is a pawn up.} Rf2 41. Bb6 Ra2 42. h5 {[%emt 0:18:11] [#]} e3 $1 43. Rxe3 Rxg2+ 44. Kh3 Kg8 45. Bd4 Rg1 46. Re7 Rg5 47. Kh4 Kf8 (47... Rxa5 $6 48. Rxg7+ Kf8 49. Rg6 $11 )48. Rc7 Be4 ({Of course not} 48... Rxa5 49. Bxg7+ Kg8 50. Bxh6 $15 )49. Bb6 Kg8 50. Rc8+ Kh7 51. Rc7 Bf3 52. Bd4 Bxh5 (52... Rxa5 $2 53. Rxg7+ Kh8 54. Rg5+ (54. Rxb7+ Kg8 $11 )Kh7 55. Rxa5 $18 )(52... Rxh5+ $2 53. Kg3 Rg5+ (53... Bd1 $2 54. Rxg7+ Kh8 55. c4 $18 )54. Kxf3 $18 )53. Rxb7 Be2 (53... Rxa5 $2 54. Rxg7+ (54. Bxg7 Bf3 $15 )Kh8 55. Rg5+ Kh7 56. Rxa5 $18 )54. Re7 Bf1 55. Rf7 Bc4 56. Re7 Bd3 {[%emt 0:1:27][%cal Yd3f5] and ...Bf5! would now be decisive} (56... Rxa5 $2 57. Rxg7+ Kh8 58. Rg5+ Kh7 59. Rxa5 $18 )57. Kh3 Bf5+ (57... Rxa5 $2 58. Rxg7+ (58. Bxg7 $2 {too greedy.} Rh5+ 59. Kg3 Rg5+ 60. Kf4 Rxg7 $19 )Kh8 59. Rg5+ Kh7 60. Rxa5 $18 )58. Kh2 Rg4 59. Rc7 Bd3 60. Rc5 Bb5 61. Kh3 Rg6 62. Rc7 {[%emt 0:0:31] Dodges Bd7+} Bf1+ 63. Kh4 Bd3 64. Kh3 h5 65. Rc5 Be2 66. Re5 Bf3 67. Re3 Bd1 68. Re1 Bg4+ 69. Kh4 Kg8 70. Re5 Rd6 71. Re7 Rg6 72. Re5 $1 Rc6 73. Re7 g6 $1 74. Rb7 Re6 75. Kg5 Bf5 76. Rb6 Kf7 77. Rxe6 Kxe6 {[%emt 0:0:1] And White is the lucky defender.   Weighted Error Value: White=0.17 (very precise) /Black=0.10 (very precise)   Loses game:     	White=1     	---        Mistake:       	---       	Black=2      Inaccurate:     	White=11    	Black=7      OK:         	White=18    	Black=32     Best:        	White=8     	Black=3      Strong:       	White=2     	Black=3      Brilliant:      	White=1     	---} 1/2-1/2

[Event "87th Tata Steel Masters 2025"]
[White "Gukesh,Dommaraju"]
[Black "Wei,Yi"]
[Site "Wijk aan Zee"]
[Round "11.4"]
[Annotator "TA"]
[Result "1/2-1/2"]
[Date "2025.01.31"]
[WhiteElo "2777"]
[BlackElo "2751"]
[PlyCount "60"]
[TimeControl "60"]

1. e4 e5 2. Nf3 Nc6 3. Bc4 Nf6 4. d3 Be7 5. O-O O-O 6. Nbd2 d5 {[%emt 0:15:12] C55: Two Knights: 4 d3, 4 d4 exd4 5 e5 and Max Lange Attack.} 7. exd5 Nxd5 8. Re1 f6 9. d4 Bg4 $146 (9... exd4 10. Nb3 Kh8 11. Nbxd4 Nxd4 12. Qxd4 Nb6 13. Bd3 Qxd4 14. Nxd4 Bc5 15. Nb5 Nd5 {½-½ Zhigalko,S (2572)-Pranav,V (2486) Titled Tuesday intern op 08th Feb Late blitz 2022 (9)} )10. Nb3 Kh8 11. h3 Bh5 12. c3 (12. dxe5 {is more complex.} Ndb4 13. c3 Qxd1 14. Rxd1 Bxf3 15. gxf3 Nxe5 16. Be2 )exd4 13. Nbxd4 Nxd4 14. Qxd4 Bxf3 15. gxf3 Nb6 16. Qxd8 Rfxd8 17. Rxe7 Nxc4 18. Bf4 ({But not} 18. Rxc7 Rd1+ 19. Kg2 Ne5 20. Rxb7 Nd3 $17 )Nxb2 19. Rb1 Rd1+ 20. Rxd1 Nxd1 21. Rxc7 $11 {[%emt 0:0:10][%mdl 4096] Endgame KRB-KRN} b6 22. Kf1 Re8 23. Bd2 h5 24. Rxa7 Rd8 25. Be1 (25. Ke2 $5 Nxf2 26. Bh6 gxh6 27. Kxf2 $11 )Nb2 {[%emt 0:0:17] The position is equal.} 26. Rb7 Nc4 27. Rc7 Ne5 28. Ke2 Re8 29. Bd2 Nc4+ 30. Be3 Nxe3 $1 {[%emt 0:0:6] Not much happened in this game.   Weighted Error Value: White=0.08 (flawless) /Black=0.03 (flawless)   Inaccurate:     	White=2     	---        OK:         	White=10    	Black=11     Best:        	White=1     	Black=2      Strong:       	---       	Black=1} 1/2-1/2

[Event "87th Tata Steel Masters 2025"]
[White "Caruana,Fabiano"]
[Black "Praggnanandhaa,Rameshbabu"]
[Site "Wijk aan Zee"]
[Round "11.5"]
[Annotator "TA"]
[Result "0-1"]
[Date "2025.01.31"]
[WhiteElo "2803"]
[BlackElo "2741"]
[PlyCount "74"]
[TimeControl "60"]

1. c4 e6 2. Nc3 d5 3. d4 Nf6 4. cxd5 exd5 5. Bg5 c6 6. e3 Bd6 7. Bd3 O-O 8. Nge2 {[%emt 0:2:2] D35: Queen's Gambit Declined: Exchange Variation.} Re8 9. h3 Nbd7 10. Qc2 {[%emt 0:2:42][%cal Yd3h7] The position is equal.} Nf8 11. O-O-O b5 $5 $146 {[%emt 0:10:31][%mdl 8] An interesting novelty.} (11... a5 12. g4 b5 13. Bf4 a4 14. Kb1 Ba6 15. Bxd6 Qxd6 16. Ng3 N6d7 17. Nf5 Qb8 {1-0 Grebnev,A (2486)-Popov,I (2627) Moscow Dvoretsky Memorial 2022 (3.3)} )12. Kb1 a5 (12... Be7 $11 )13. f3 (13. e4 $14 )Be7 14. Bxf6 Bxf6 15. e4 a4 16. a3 {[%emt 0:8:25] [#]} b4 $1 17. axb4 a3 (17... Be6 $11 )18. b3 $14 Qb6 19. Ka2 dxe4 (19... Bxd4 $6 20. Nxd4 (20. exd5 c5 $14 )Qxd4 21. b5 $16 )(19... Qxb4 20. exd5 Bb7 (20... Bxd4 $2 21. Nxd4 c5 22. Nc6 $18 )21. Ne4 cxd5 22. Nxf6+ gxf6 23. Qc5 $16 )20. fxe4 Bxd4 21. Nxd4 Qxd4 22. b5 (22. Bc4 Qb6 $11 )Bd7 23. Bc4 Qa7 24. bxc6 (24. Rhf1 Be6 $11 (24... Re7 25. Qf2 $14 ))Bxc6 25. Rhf1 Re7 26. Nd5 Rb7 27. Rf5 Rc8 28. Qd3 {[%emt 0:0:0] Strongly threatening Ba6.} Ne6 29. Rdf1 Be8 30. R5f2 Qb8 31. Rc2 Nc5 32. Qe3 {[%emt 0:0:45] [#]} (32. Qe2 $11 {and White is okay.} )Nxb3 $1 $19 33. Rb1 {[%emt 0:0:10] [#]} (33. Bxb3 $2 {is the wrong capture.} Rxc2+ 34. Bxc2 Rb2+ 35. Kxa3 Rxc2 $19 )Ba4 34. Bd3 $2 {[%emt 0:1:22] [#]} (34. Qf2 Na5 35. Ne7+ Kh8 36. Rxb7 Qxb7 37. Nxc8 Bxc2 (37... Qxc8 38. Rc3 $17 )(37... Nxc4 38. Qc5 $18 )38. Qxc2 Nxc4 (38... Qxc8 39. Bb3 $15 )39. Ne7 )Nc5 $1 35. Ne7+ (35. Rxb7 Qxb7 )Kh8 36. Rxb7 Qxb7 37. Ba6 Qxe7 {[%emt 0:0:24] Weighted Error Value: White=0.65/Black=0.09 (flawless)   Loses game:     	White=1     	---        Mistake:       	White=2     	Black=2      Inaccurate:     	White=6     	Black=2      OK:         	White=10    	Black=11     Best:        	White=2     	---        Brilliant:      	---       	Black=2} (37... Bb3+ $142 38. Ka1 Qxa6 (38... Qxe7 $2 39. Rc3 $19 ))0-1

[Event "87th Tata Steel Masters 2025"]
[White "Sarana,Alexey"]
[Black "Harikrishna,Pentala"]
[Site "Wijk aan Zee"]
[Round "11.6"]
[Annotator "ChessBase"]
[Result "0-1"]
[Date "2025.01.31"]
[WhiteElo "2677"]
[BlackElo "2695"]
[PlyCount "80"]
[TimeControl "60"]

1. d4 Nf6 2. c4 e6 3. Nf3 d5 4. Nc3 h6 5. e3 a6 6. b3 c5 7. cxd5 cxd4 8. Nxd4 Nxd5 9. Bd2 Nf6 10. Qc2 Bd7 11. Be2 Nc6 12. Nf3 Rc8 13. O-O Be7 14. Rfd1 O-O 15. a3 Bd6 16. b4 Qe7 17. Be1 Rfd8 18. Qb1 Ne5 19. Qb3 b5 20. h3 Nc4 21. Rac1 e5 22. e4 Be6 23. Nd5 Nxd5 24. exd5 Bd7 25. Bxc4 bxc4 26. Rxc4 Ba4 27. Qxa4 Rxc4 28. Qxa6 Qc7 29. b5 Qc8 30. Qa5 Qa8 31. b6 Qxa5 32. Bxa5 Ra8 33. Bb4 Bxb4 34. b7 Re8 35. d6 Bxd6 36. Rxd6 f6 37. Rd7 Rb8 38. Nd2 Rd4 39. Rxd4 exd4 40. Nb3 d3 0-1

[Event "87th Tata Steel Masters 2025"]
[White "Van Foreest,Jorden"]
[Black "Erigaisi,Arjun Kumar"]
[Site "Wijk aan Zee"]
[Round "11.7"]
[Annotator "TA"]
[Result "1/2-1/2"]
[Date "2025.01.31"]
[WhiteElo "2680"]
[BlackElo "2801"]
[PlyCount "63"]
[TimeControl "60"]

1. d4 Nf6 2. c4 e6 3. Nc3 Bb4 4. a3 Bxc3+ 5. bxc3 Nc6 6. f3 {[%emt 0:0:33] E24: Nimzo-Indian: Sämisch: Unusual Black 5th moves and 5...c5 sidelines.} b6 7. e4 {[%emt 0:0:19] The position is equal.} Na5 8. c5 bxc5 9. Qa4 Nc6 10. Bb5 cxd4 $146 (10... Ne7 11. dxc5 O-O 12. Be3 d5 13. e5 Nd7 14. f4 a5 15. Nf3 Nb8 16. Qc2 h6 {1-0 Vuelban,V (2237)-Bellahcene,B (2521) Kuwait op 1st 2025 (5)} )11. Bxc6 dxc6 12. cxd4 Qd7 13. Ne2 c5 14. Qc4 {[%emt 0:0:16] White sacrificed a pawn} cxd4 15. Nxd4 Ba6 16. Qxa6 (16. Qc5 {simplifies} Qd6 17. Qc6+ Qxc6 18. Nxc6 Bb5 19. Na5 )Qxd4 17. Qc6+ {[%emt 0:0:6] A sharp opening} Ke7 18. Qxc7+ Nd7 19. Bg5+ f6 20. Rd1 Rhc8 21. Qg3 {[%emt 0:4:9] Really sharp!} Qb6 22. Bf4 g6 23. Qf2 {[%emt 0:7:30] Prevents Rc2} (23. Qh4 {keeps more tension.} h5 24. Qf2 Ke8 25. O-O )Qxf2+ 24. Kxf2 e5 25. Be3 Rc2+ 26. Rd2 Rac8 27. Rhd1 Nb6 28. Bxb6 axb6 29. Ke2 R8c3 30. a4 Rxd2+ 31. Rxd2 Ra3 32. Rb2 {[%emt 0:0:3] An interesting draw.   Weighted Error Value: White=0.02 (flawless) /Black=0.02 (flawless)   Inaccurate:     	---       	Black=1      OK:         	White=15    	Black=15     Best:        	White=2     	Black=2} 1/2-1/2

[Event "87th Tata Steel Masters 2025"]
[White "Harikrishna,Pentala"]
[Black "Keymer,Vincent"]
[Site "Wijk aan Zee"]
[Round "12.1"]
[Annotator "TA"]
[Result "1/2-1/2"]
[Date "2025.02.01"]
[WhiteElo "2695"]
[BlackElo "2733"]
[PlyCount "64"]
[TimeControl "60"]

1. d4 Nf6 2. c4 e6 3. g3 Bb4+ 4. Nd2 O-O 5. Bg2 a5 6. Ngf3 {[%emt 0:4:20] E00: Catalan Bogo-Indian (3 g3 Bb4+).} d6 {[%emt 0:0:46] 6...d5 gains popularity.} 7. O-O a4 8. Qc2 {[%emt 0:11:0] White has an edge.} Nc6 9. Ne4 $146 (9. a3 Bxd2 10. Bxd2 Bd7 11. Rad1 Qe7 12. Bc3 Na5 13. Nd2 Rfe8 14. f4 d5 15. Bb4 {½-½ Stefansson,V (2484)-Subelj,J (2492) Wch U20 60th 2023 (11)} )Nxe4 10. Qxe4 Qe7 11. a3 Ba5 12. Qc2 Bd7 13. d5 exd5 14. cxd5 {[%emt 0:0:13][%cal Yf3g5] [#] aiming for Ng5!.} Ne5 15. Bd2 Nxf3+ 16. Bxf3 Rfc8 17. Rac1 Ra6 18. Rfd1 Qf6 19. Bc3 Bxc3 20. Qxc3 Qxc3 21. Rxc3 Rb6 22. Rd2 Kf8 23. e4 Ke7 24. Bd1 Ra6 25. h3 f6 26. Rd4 Rb6 27. Rd2 Kd8 28. Kg2 Ra8 29. Be2 Ra5 30. f4 Bb5 {[%emt 0:1:3] The position is equal.} 31. Bg4 Be8 32. Be2 Bb5 {[%emt 0:2:46] Weighted Error Value: White=0.09 (flawless) /Black=0.09 (flawless)   Inaccurate:     	White=4     	Black=2      OK:         	White=8     	Black=11} 1/2-1/2

[Event "87th Tata Steel Masters 2025"]
[White "Wei,Yi"]
[Black "Giri,Anish"]
[Site "Wijk aan Zee"]
[Round "12.2"]
[Annotator "TA"]
[Result "1/2-1/2"]
[Date "2025.02.01"]
[WhiteElo "2751"]
[BlackElo "2731"]
[PlyCount "75"]
[TimeControl "60"]

1. e4 e5 2. Nf3 Nf6 3. Nxe5 d6 4. Nf3 Nxe4 5. d4 d5 6. Bd3 Bd6 7. O-O O-O 8. Re1 Bf5 9. Nc3 {[%emt 0:0:17] C42: Petroff Defence: 3 Nxe5 and unusual White 3rd moves.} Nxc3 $1 {[%emt 0:1:19] The position is equal.} 10. bxc3 {[%emt 0:1:13][%cal Yb2c3,Yc3c4,Yc4d5][%mdl 32] A sharp opening} Bxd3 11. cxd3 Nc6 $146 (11... c6 12. Qb3 b6 13. Bg5 Qc7 14. Re2 Nd7 15. Rae1 f6 16. Bh4 b5 17. Bg3 Bxg3 18. hxg3 {½-½ Yu,Y (2720)-Deac,B (2690) Chessable Masters Play In rapid 2024 (5)} )12. c4 Bb4 13. Bd2 Bxd2 14. Qxd2 Qf6 15. cxd5 Nxd4 16. Nxd4 Qxd4 17. Rac1 Rac8 18. Re7 Qxd5 19. Rcxc7 Rxc7 20. Rxc7 $11 {[%emt 0:2:34][%mdl 4096] Endgame KQR-KQR} h6 21. h3 Rd8 22. Qe3 Qxd3 23. Rxb7 Qxe3 24. fxe3 {[%emt 0:0:0] KR-KR} Rd1+ 25. Kh2 Rd3 26. Rxa7 Rxe3 27. Ra8+ Kh7 28. Ra7 f5 29. Ra6 f4 30. Ra4 g5 31. Ra7+ Kg6 32. Ra6+ Kh5 33. a4 Re2 34. Rf6 Ra2 35. a5 Rxa5 36. g4+ fxg3+ 37. Kxg3 Ra3+ 38. Kg2 {[%emt 0:0:4] Not much happened in this game.   Weighted Error Value: White=0.02 (flawless) /Black=0.02 (flawless)   OK:         	White=10    	Black=17     Best:        	White=3     	Black=2      Strong:       	---       	Black=1} 1/2-1/2

[Event "87th Tata Steel Masters 2025"]
[White "Praggnanandhaa,Rameshbabu"]
[Black "Sarana,Alexey"]
[Site "Wijk aan Zee"]
[Round "12.3"]
[Annotator "TA"]
[Result "1-0"]
[Date "2025.02.01"]
[WhiteElo "2741"]
[BlackElo "2677"]
[PlyCount "57"]
[TimeControl "60"]

1. d4 Nf6 2. c4 e6 3. Nc3 d5 4. cxd5 exd5 5. Bg5 c6 6. Qc2 Be6 {[%emt 0:0:24] 6...h6 is the modern continuation.} 7. e3 {[%emt 0:0:39] D36: Queen's Gambit Declined: Exchange Variation: Main line (5 Bg5 c6 6 Qc2).} Nbd7 8. Be2 $5 {[%emt 0:6:34][%mdl 4] A promising side line.} Bd6 9. Bd3 {[%emt 0:2:12] The position is equal.} h6 10. Bh4 g5 $146 (10... Rc8 11. Nge2 O-O 12. h3 b5 13. Bg3 Bxg3 14. Nxg3 b4 15. Na4 Qa5 16. O-O c5 17. Nxc5 Nxc5 18. dxc5 Rxc5 {1-0 Van Foreest,J (2695)-L'Ami,E (2645) NED-ch KO Utrecht 2023 (3.5)} )11. Bg3 Bxg3 12. hxg3 Qe7 13. Nf3 g4 14. Nh4 Nb6 15. O-O O-O-O 16. a4 Kb8 17. a5 Nc4 (17... Nc8 $14 )18. Na4 (18. a6 $16 )Nd6 $14 19. Nc5 (19. Qb3 {with more complications.} Nfe4 20. Rfc1 Rc8 21. Rc2 )a6 20. Rfc1 {[%emt 0:4:55][%csl Yc5][%cal Yd3a6] Bxa6! is the strong threat. Strong Square White (c5) White is much more active.} Bc8 21. Qb3 Nb5 $2 {[%emt 0:4:7][%mdl 8192] [#] This costs Black the game.} ({Better is} 21... Ka8 $14 )22. Nxa6+ $1 $18 bxa6 23. Rxc6 Rd7 (23... Ne8 $142 24. Bxb5 axb5 25. Qxb5+ Ka8 )24. Nf5 Qd8 25. Bxb5 axb5 26. a6 (26. Qxb5+ Rb7 27. Rb6 Qc7 $17 (27... Rxb6 $2 28. axb6 Qd7 29. Qa5 $18 ))Ra7 27. Qxb5+ {[%emt 0:0:47] White mates.} Ka8 28. Nd6 Bd7 {[%emt 0:0:3] [#]} 29. Qb7+ $3 {[%emt 0:0:4][%mdl 33280] Weighted Error Value: White=0.06 (flawless) /Black=1.09 Loss on time!?  Loses game:     	---       	Black=1      Mistake:       	White=1     	Black=2      Inaccurate:     	---       	Black=1      OK:         	White=8     	Black=9      Brilliant:      	White=1     	---} 1-0